 Dungeon Crawl Stone Soup version 0.27-a0-1378-gdefffd1ff6 (webtiles) character file.

Game seed: 10459195308182300317

1353 Arzdou the Covered (level 8, -5/71 HPs)
             Began as a Hill Orc Fighter on June 29, 2021.
             Was a Believer of Okawaru.
             Slain by a gnoll (6 damage)
             ... on level 6 of the Dungeon.
             The game lasted 00:14:53 (7187 turns).

Arzdou the Covered (Hill Orc Fighter)               Turns: 7187, Time: 00:14:54

Health: -5/71      AC:  9    Str: 20    XL:     8   Next: 63%
Magic:  8/8        EV:  7    Int:  8    God:    Okawaru [**....]
Gold:   175        SH: 10    Dex: 11    Spells: 7/7 levels left

rFire    . . .     SeeInvis .   a - +2 war axe (vorpal)
rCold    . . .     Faith    .   c - +0 kite shield
rNeg     + . .     Spirit   .   p - +0 scale mail
rPois    .         Reflect  .   (no helmet)
rElec    .         Harm     .   f - +0 cloak
rCorr    .         Rampage  .   (no gloves)
Will     .....                  (no boots)
Stlth    ..........             (no amulet)
HPRegen  0.21/turn              h - ring of positive energy
MPRegen  0.11/turn              (no ring)

@: no status effects
A: no striking features
a: Renounce Religion, Heroism


You were on level 6 of the Dungeon.
You worshipped Okawaru.
Okawaru was pleased with you.
You visited 2 branches of the dungeon, and saw 7 of its levels.

You collected 175 gold pieces.

Inventory:

Hand Weapons
 a - a +2 vorpal war axe (weapon)
 b - a +1 hunting sling
Missiles
 q - 198 stones (quivered)
Armour
 c - a +0 kite shield (worn)
 f - a +0 cloak (worn)
 p - a +0 scale mail (worn)
Jewellery
 h - a ring of positive energy (left hand)
Scrolls
 i - a scroll of brand weapon {unknown}
 k - a scroll of identify
 l - 3 scrolls of teleportation
 t - a scroll of fear {unknown}
Potions
 d - a potion of ambrosia {unknown}
 e - a potion of magic {unknown}
 g - a potion of flight {unknown}
 j - a potion of attraction {unknown}
 m - a potion of curing {unknown}
 n - a potion of resistance {unknown}
 o - 3 potions of degeneration
 r - a potion of lignification {unknown}
 s - 3 potions of brilliance


   Skills:
 * Level 6.4 Fighting
 + Level 7.3 Axes
 + Level 2.0 Slings
 * Level 7.6 Armour
 + Level 5.1 Shields


You had 7 spell levels left.
You didn't know any spells.
Your spell library contained the following spells:

 Spells                   Type           Power      Damage    Failure   Level
 Beastly Appendage        Tmut           0%         N/A       98%         1
 Wereblood                Tmut           0%         N/A       99%         2
 Spider Form              Tmut/Pois      0%         N/A       100%        3
 Ice Form                 Ice/Tmut       0%         N/A       100%        4


Dungeon Overview and Level Annotations

Branches:
Dungeon (6/15)             Temple (1/1) D:4

Altars:
Ashenzari
Cheibriados
Dithmenos
Fedhas
Gozag
Kikubaaqudgha
Makhleb
Nemelex Xobeh
Okawaru
Qazlal
Ru
Sif Muna
Trog
Uskayaw
Vehumet
Wu Jian
Xom
Yredelemnul
Zin
The Shining One


Message History

The gnoll barely misses you. x2
The gnoll hits you from afar with a +0 halberd.
The gnoll barely misses you.
You slash the gnoll!
You kill the gnoll!
Okawaru accepts your kill.
The gnoll barely misses you. x2; You block the gnoll's attack.
The gnoll hits you from afar with a +0 halberd. x2
You block the gnoll's attack. The gnoll completely misses you.
You block the gnoll's attack.
Items here: ! $ ) ?.
You hit the gnoll.
The gnoll is moderately wounded.
You hit the gnoll. You closely miss the gnoll. The gnoll closely misses you.
The gnoll hits you with a +0 halberd. The gnoll closely misses you.
The gnoll hits you with a +0 halberd.
Your shield prevents you from hitting the gnoll.
The gnoll is moderately wounded.
You closely miss the gnoll. You barely miss the gnoll.
The gnoll hits you with a +0 halberd!
The gnoll hits you with a +0 halberd. x2
* * * LOW HITPOINT WARNING * * *
The gnoll hits you but does no damage. The gnoll barely misses you.
You block the gnoll's attack.
You see here a stone.
You see here a throwing net.
You feel much better.
The gnoll hits you from afar with a +0 halberd.
The gnoll completely misses you.
The gnoll hits you from afar with a +0 halberd! x2
* * * LOW HITPOINT WARNING * * *
You see here a throwing net.
You hit the gnoll but do no damage.
The gnoll is severely wounded.
You block the gnoll's attack.
The gnoll hits you from afar with a +0 halberd!
* * * LOW HITPOINT WARNING * * *
The gnoll hits you from afar with a +0 halberd!
* * * LOW HITPOINT WARNING * * *
The gnoll hits you with a +0 halberd.
You die...

......##.#..#........)
...........##.............
####.......##.............
.# #.#......#.............
.###.##...#.###..#........
.............#.(##........
.......#..#...$...........
..........##.#.###g.......
.......#........@gg.......
.......#.......###........
.......#....(..# ##.......
.......#.......# #......
.......######### ######
.......# ########


You could see 3 gnolls.

Vanquished Creatures
  Prince Ribbit (D:6)
  Grinder (D:5)
  A black bear (D:5)
  An ogre (D:5)
  A centaur (D:5)
  2 bullfrogs (D:6)
  2 scorpions (D:5)
  A water moccasin skeleton (D:4)
  A bullfrog zombie (D:6)
  2 hounds
  A jelly (D:5)
  An orc priest (D:6)
  An iguana (D:5)
  2 killer bee zombies
  A gnoll (D:6)
  9 adders
  A river rat (D:4)
  A shadow imp (D:6)
  2 ufetubi
  2 worms
  13 orcs
  4 endoplasms
  5 giant cockroaches
  5 goblins
  5 hobgoblins
  4 jackals (D:4)
  3 quokkas
  11 ball pythons
  5 bats
  2 frilled lizards
  4 kobolds
  7 rats
102 creatures vanquished.

Notes
Turn   | Place    | Note
-------+----------+-------------------------------------------
     0 | D:1      | Arzdou the Hill Orc Fighter began the quest for the Orb.
     0 | D:1      | Reached XP level 1. HP: 19/19 MP: 1/1
   423 | D:1      | Reached XP level 2. HP: 27/27 MP: 2/2
  1423 | D:2      | Reached XP level 3. HP: 27/33 MP: 3/3
  2810 | D:3      | Reached XP level 4. HP: 40/40 MP: 4/4
  3278 | D:4      | Reached XP level 5. HP: 32/47 MP: 5/5
  3389 | D:4      | Found a basalt altar of Yredelemnul.
  3520 | D:4      | Found a glowing drain.
  3688 | D:4      | Found a staircase to the Ecumenical Temple.
  3816 | Temple   | Entered the Ecumenical Temple
  4021 | Temple   | Became a worshipper of Warmaster Okawaru
  4569 | D:4      | Found a blossoming altar of Fedhas.
  4569 | D:4      | Found a sparkling altar of Nemelex Xobeh.
  4778 | D:5      | Entered Level 5 of the Dungeon
  4799 | D:5      | Reached XP level 6. HP: 22/53 MP: 6/6
  5249 | D:5      | Reached skill level 5 in Axes
  5249 | D:5      | Reached skill level 5 in Armour
  5548 | D:5      | Reached skill level 5 in Fighting
  5619 | D:5      | Reached XP level 7. HP: 42/61 MP: 7/7
  5920 | D:5      | Reached * piety under Okawaru
  5983 | D:5      | Found a hide-covered altar of Uskayaw.
  5983 | D:5      | Noticed a +0 hand axe
  5983 | D:5      | Noticed a +0 hand axe
  6476 | D:6      | Noticed Grinder
  6479 | D:5      | Paralysed by Grinder for 7 turns
  6494 | D:5      | Paralysed by Grinder for 5 turns
  6496 | D:5      | HP: 2/61 [Grinder (4)]
  6502 | D:5      | Killed Grinder
  6503 | D:5      | Reached skill level 1 in Slings
  6503 | D:5      | Reached XP level 8. HP: 32/70 MP: 8/8
  6713 | D:5      | Reached ** piety under Okawaru
  6936 | D:6      | Reached skill level 5 in Shields
  7085 | D:6      | Noticed Prince Ribbit
  7098 | D:6      | Killed Prince Ribbit
  7187 | D:6      | HP: 1/71 [gnoll (13)]
  7187 | D:6      | Slain by a gnoll

Illustrated notes

Levels and vault maps discovered:
D:1:      denvon_arrival_planthouse, layout_loops_ring, minmay_misc_feat_tower
D:2:      layout_loops_corners
D:3:      layout_loops_ring, serial_rivers, chequers_serial_rivers_small_b,
          chequers_serial_rivers_small_3, chequers_serial_rivers_micro_c,
          chequers_serial_rivers_small_b, chequers_serial_rivers_marsh,
          minmay_misc_feat_columns
D:4:      layout_basic, old_standard_altar, gammafunk_temple_overflow_statue,
          minmay_temple_entry_ruins, portal_sewer_entry_a,
          serial_co_window_serial, co_window_of_opportunity_a,
          co_window_paths_a, co_window_of_opportunity_a, co_window_paths_b,
          co_window_paths_a, co_window_unsneaky_path_c, co_window_broadway_a,
          co_window_cross_4, co_window_broadway_a, chequers_mini_garden
D:5:      layout_basic, dancing_weapons_uskayaw, grunt_decor_junction
D:6:      layout_rooms, uniq_grinder, uniq_maggie, uniq_prince_ribbit1
Temple:   nicolae_temple_elliptical

Skill      XL: |  1  2  3  4  5  6  7  8 |
---------------+-------------------------+-----
Axes           | 3 4 5 6 7 |  7.3
Fighting       | 4 5 6 |  6.4
Armour         | 4 5 6 7 |  7.6
Shields        | 4 5 |  5.1
Slings         | 1 2 |  2.0

Action                   |  1- 3 |  4- 6 |  7- 9 || total
-------------------------+-------+-------+-------++-------
Melee: War axe           |   124 |   154 |    80 ||   358
 Fire: Hunting sling     |       |       |    14 ||    14
  Use: Scroll            |       |     6 |     2 ||     8
       Potion            |       |       |     4 ||     4
Armor: Scale mail        |    66 |    79 |    42 ||   187
Dodge: Dodged            |    41 |    71 |    39 ||   151
Block: Kite shield       |    72 |    91 |    53 ||   216

Table legend: (Time is in decaauts)
 A = Elapsed time spent in this place.
 B = Non-inter-level travel time spent in this place.
 C = Inter-level travel time spent in this place.
 D = Time resting spent in this place.
 E = Time spent auto-exploring this place.
 F = Levels seen in this place.
 G = Mean time per level.
                   A        B        C        D        E       F      G
               +--------+--------+--------+--------+--------+-----+--------+
         Total |   7386 |   7126 |    260 |    515 |   5548 |   7 | 1055.1 |
       Dungeon |   7175 |   6915 |    260 |    515 |   5413 |   6 | 1195.8 |
        Temple |    210 |    210 |      0 |      0 |    135 |   1 |  210.0 |
               +--------+--------+--------+--------+--------+-----+--------+

Top non-repeatable levels by time:
     D:5: 1932 daAuts
     D:4: 1791 daAuts
     D:2: 1066 daAuts
     D:3: 957 daAuts
     D:1: 927 daAuts
     D:6: 500 daAuts
  Temple: 210 daAuts
